Map: Tours du crépuscule

Players

zidar

  • Race: Zerg Zerg
  • League: Silver
  • Spawn Location: 7:00

ZANXS - Winner!

  • Race: Protoss Protoss
  • League: Gold
  • Spawn Location: 1:00

VOD

Have the link to the VOD?

Description

Time

  • Played on: Feb. 12, 2016, 1:29 p.m.
  • Length: 19:54
Show
View Real Time Build Order
Export as new Build Order

zidar Zerg 

Build Orders: Pool First 

Get SALT Encoding   

  12  0:01  Drone  
  13  0:12  Overlord  
  13  0:18  Drone  
  14  0:31  Drone x2  
  14  0:34  Drone  
  17  0:48  Spawning Pool  
  17  0:49  Drone  
  17  1:15  Hatchery  
  17  1:17  Drone  
  17  1:21  Extractor  
  16  1:27  Drone  
  16  1:31  Drone  
  18  1:37  Queen  
  20  1:42  Overlord  
  19  2:09  Hatchery  
  18  2:18  Queen  
  20  2:26  Metabolic Boost  
  20  2:40  Zergling x4  
  20  2:43  Zergling x2  
  23  2:51  Drone  
  24  3:05  Queen  
  26  3:17  Drone x3  
  26  3:18  Drone  
  30  3:38  Spore Crawler  
  29  3:41  Spore Crawler  
  29  3:44  Drone  
  29  3:59  Drone x6  
  29  4:01  Spore Crawler  
  33  4:38  Drone x3  
  34  4:39  Drone x6  
  42  5:00  Extractor  
  42  5:01  Lair  
  41  5:08  Extractor, Drone x2  
  41  5:09  Extractor  
  41  5:15  Extractor  
  41  5:16  Extractor  
  41  5:19  Overlord x3  
  41  5:20  Overlord x2  
  39  5:46  Drone  
  39  5:47  Drone x7  
  47  6:02  Pneumatized Carapace  
  47  6:07  Overseer  
  47  6:18  Roach Warren  
  47  6:20  Hydralisk Den  
  45  6:45  Drone  
  45  6:46  Drone x3  
  49  6:47  Drone  
  49  6:48  Drone  
  49  6:50  Drone x12  
  49  6:52  Muscular Augments  
  63  7:02  Evolution Chamber  
  63  7:06  Evolution Chamber  
  61  7:26  Hydralisk  
  61  7:27  Hydralisk x5  
  73  7:33  Zerg Missile Weapons Level 1, Zerg Ground Armor Level 1  
  73  7:37  Overlord  
  73  7:38  Overlord x3  
  73  7:51  Infestation Pit  
  72  8:07  Hydralisk x4  
  72  8:08  Hatchery, Hydralisk x5  
  72  8:09  Roach  
  72  8:11  Glial Reconstitution  
  91  8:23  Drone x6  
  97  8:36  Hydralisk  
  97  8:37  Hydralisk x3  
  105  8:48  Spire  
  104  8:52  Overlord x4  
  104  8:53  Overlord  
  104  9:11  Roach  
  104  9:12  Roach x9  
  124  9:38  Roach x11  
  146  9:49  Overlord x4  
  146  10:19  Hatchery  
  145  10:28  Hatchery  
  95  11:01  Hydralisk  
  95  11:02  Hydralisk x21  
  103  11:19  Zerg Ground Armor Level 2, Zerg Missile Weapons Level 2  
  103  11:41  Roach  
  103  11:42  Roach x10  
  125  11:54  Roach  
  125  11:55  Roach x6  
  139  12:16  Hive  
  139  12:26  Hydralisk x6  
  139  12:27  Hydralisk x2  
  139  12:28  Roach x3  
  139  12:29  Roach  
  163  12:44  Ravager  
  163  12:48  Overlord x3  
  163  12:49  Overlord  
  112  13:39  Hydralisk x14  
  112  13:40  Hydralisk x7  
  113  13:41  Roach  
  113  13:44  Roach x2  
  107  14:06  Zerg Missile Weapons Level 3, Zerg Ground Armor Level 3  
  107  14:12  Ultralisk Cavern  
  106  14:30  Roach  
  106  14:31  Roach x9  
  126  14:32  Roach  
  126  14:33  Roach x2  
  132  14:57  Extractor  
  131  15:01  Extractor  
  126  15:46  Chitinous Plating  
  117  16:07  Overseer  
  108  16:47  Drone x5  
  108  16:48  Drone x9  
  108  16:49  Drone x3  
  108  16:50  Drone x3  
  128  16:56  Ultralisk x2  
  128  16:57  Ultralisk x3  
  128  16:58  Ultralisk x3  
  176  17:03  Zergling x10  
  181  17:28  Hatchery  
  180  17:32  Ravager  
  180  17:35  Ultralisk  
  187  17:41  Ultralisk  
  187  17:43  Zergling x2  
  187  17:44  Zergling x4  
  196  17:45  Zergling x2  
Show
View Real Time Build Order
Export as new Build Order

ZANXS Protoss - Winner!

Build Orders: 1 Gate Expand, Oracle Opening, Carriers 

Get SALT Encoding   

  12  0:01  Probe (Chrono Boost)  
  13  0:12  Probe (Chrono Boost)  
  14  0:22  Probe (Chrono Boost), Pylon  
  15  0:31  Assimilator  
  15  0:43  Gateway  
  15  0:46  Probe (Chrono Boost)  
  16  1:21  Probe (Chrono Boost)  
  16  1:24  Nexus  
  17  1:39  Cybernetics Core  
  17  1:40  Probe (Chrono Boost)  
  18  1:47  Assimilator  
  18  1:53  Probe (Chrono Boost)  
  20  2:08  Probe (Chrono Boost)  
  20  2:17  Adept  
  20  2:19  Probe (Chrono Boost)  
  20  2:20  Pylon  
  23  2:27  Stargate  
  23  2:36  Probe (Chrono Boost)  
  24  2:45  Probe (Chrono Boost)  
  24  2:46  Probe (Chrono Boost)  
  26  2:51  Warp Gate (Chrono Boost)  
  26  2:56  Gateway, Probe (Chrono Boost)  
  26  2:57  Probe (Chrono Boost)  
  28  3:05  Pylon  
  28  3:06  Probe (Chrono Boost)  
  28  3:08  Probe (Chrono Boost)  
  30  3:14  Oracle (Chrono Boost)  
  33  3:20  Probe  
  33  3:21  Probe  
  35  3:30  Probe  
  36  3:40  Gateway  
  36  3:42  Mothership Core (Chrono Boost), Probe  
  40  3:56  Probe (Chrono Boost)  
  40  4:00  Twilight Council  
  40  4:02  Probe (Chrono Boost)  
  41  4:03  Pylon  
  41  4:08  Probe (Chrono Boost), Gateway  
  42  4:13  Probe (Chrono Boost)  
  43  4:20  Probe (Chrono Boost)  
  43  4:23  Probe (Chrono Boost)  
  46  4:31  Probe (Chrono Boost)  
  46  4:37  Charge (Chrono Boost)  
  46  4:44  Gateway  
  46  4:47  Gateway, Phoenix  
  46  4:50  Probe x2  
  50  4:53  Assimilator  
  50  4:58  Assimilator  
  50  5:04  Stalker  
  50  5:05  Stalker  
  54  5:10  Probe x2  
  56  5:24  Zealot x2  
  56  5:25  Nexus  
  56  5:26  Pylon  
  60  5:39  Phoenix  
  62  5:45  Gateway  
  62  5:47  Pylon  
  62  5:49  Pylon  
  62  5:53  Probe x2  
  64  6:00  Zealot x3  
  70  6:05  Probe  
  70  6:07  Void Ray (Chrono Boost)  
  75  6:28  Probe x2  
  77  6:35  Pylon  
  77  6:36  Pylon  
  77  6:40  Probe  
  77  6:41  Zealot x2  
  77  6:42  Probe, Forge  
  77  6:44  Forge  
  83  6:50  Void Ray (Chrono Boost)  
  83  6:52  Probe  
  88  6:54  Probe  
  88  6:58  Pylon  
  89  7:02  Templar Archives  
  89  7:04  Probe  
  89  7:07  Stargate  
  90  7:10  Probe  
  91  7:16  Probe  
  92  7:24  Protoss Ground Weapons Level 1 (Chrono Boost), Protoss Ground Armor Level 1 (Chrono Boost)  
  92  7:25  Blink  
  92  7:28  Void Ray  
  96  7:31  Pylon  
  96  7:34  Probe x2  
  98  7:38  Zealot  
  98  7:39  Assimilator, Zealot  
  102  7:44  Assimilator  
  102  7:52  Robotics Facility, Probe x2  
  102  7:54  Probe  
  105  8:04  Probe x2  
  107  8:06  Probe  
  107  8:09  Zealot x4  
  116  8:16  Probe  
  116  8:17  Probe  
  116  8:18  Probe  
  118  8:21  Zealot  
  118  8:22  Void Ray, Zealot  
  127  8:28  Probe  
  127  8:29  Probe  
  127  8:32  Pylon x2  
  129  8:38  Void Ray  
  133  8:46  Pylon  
  133  9:01  High Templar x3  
  133  9:02  Zealot x3  
  145  9:06  Gateway, Warp Prism  
  145  9:08  Gateway  
  147  9:22  Protoss Ground Armor Level 2 (Chrono Boost)  
  145  9:28  Psionic Storm  
  137  9:32  High Templar  
  137  9:36  Protoss Ground Weapons Level 2 (Chrono Boost)  
  133  9:43  Observer  
  134  9:54  High Templar x2  
  134  9:58  Zealot x2  
  142  10:08  Zealot x3  
  142  10:12  Nexus, Pylon  
  148  10:15  Gateway, Pylon  
  148  10:17  Pylon x2  
  148  10:18  Pylon  
  148  10:20  Pylon x2  
  148  10:25  Assimilator  
  148  10:30  Assimilator  
  148  10:36  Zealot  
  148  10:37  Zealot x5  
  141  10:55  Zealot x3  
  129  11:00  Zealot x5  
  123  11:17  Nexus  
  123  11:18  Pylon  
  123  11:19  Gateway  
  123  11:21  Gateway  
  123  11:23  Pylon  
  123  11:28  Pylon  
  123  11:29  Probe  
  123  11:30  Probe x2  
  126  11:42  Zealot  
  126  11:43  Zealot x5  
  135  11:51  Warp Prism  
  125  11:54  High Templar x3  
  125  12:01  Protoss Ground Armor Level 3, Pylon  
  131  12:03  Photon Cannon x2  
  131  12:05  Photon Cannon  
  131  12:07  Fleet Beacon, Probe x2  
  133  12:10  High Templar x3  
  133  12:14  Zealot x4  
  147  12:17  Protoss Ground Weapons Level 3  
  147  12:24  Probe x2  
  149  12:47  Zealot x4  
  149  12:48  Zealot x2  
  149  12:49  Warp Prism  
  163  12:58  High Templar x4  
  165  13:02  Archon  
  165  13:03  Archon  
  170  13:18  Mothership  
  160  13:21  Zealot x4  
  160  13:22  Zealot  
  143  13:40  Zealot x3  
  143  13:41  Zealot x4  
  120  13:51  Probe, Zealot x5  
  120  13:52  Probe  
  138  14:05  Assimilator  
  138  14:11  Assimilator  
  138  14:15  Dark Shrine  
  138  14:18  Nexus  
  138  14:20  Pylon  
  138  14:21  Pylon  
  138  14:23  Pylon  
  142  14:24  Gateway, Immortal  
  142  14:26  Void Ray  
  142  14:28  Gateway, High Templar x5  
  162  15:03  Stargate  
  162  15:11  Zealot x4  
  170  15:18  High Templar x3  
  170  15:19  Archon  
  170  15:20  Carrier  
  164  15:26  Pylon  
  160  15:39  Dark Templar x3  
  160  15:41  Dark Templar  
  168  16:11  Dark Templar x2  
  172  16:20  Zealot x6  
  172  16:21  Warp Prism  
  184  16:47  Carrier x2  
  190  17:06  Immortal  
  194  17:08  Zealot  
  194  17:09  Zealot x2  
  194  17:13  Archon, Pylon  
  200  17:17  Carrier  
  197  18:32  Pylon x2  
  197  18:34  Dark Templar x2  
  197  18:38  Observer  
  200  18:42  Carrier x2 (Chrono Boost)  
  184  19:09  Nexus  
  184  19:10  Pylon  
  184  19:11  Pylon  
  184  19:12  Pylon  
  184  19:13  Assimilator  
  184  19:17  Assimilator  
  168  19:53  Dark Templar x4  
Tags
 
Add a new tag
Caveats
  • Supply blocks, unpowered buildings, or Contaminate may cause inaccurate times.
  • Supply counts are checked every 10 seconds.